 Dungeon Crawl Stone Soup version 0.23-a0-169-gb21e695 (webtiles) character file.

569 EvilAliv3 the Charlatan (level 7, -10/40 HPs)
             Began as a Deep Elf Artificer on Sept 11, 2018.
             Was a Believer of Nemelex Xobeh.
             Mangled by an ogre
             ... wielding a +0 giant club
              (19 damage)
             ... on level 6 of the Dungeon.
             The game lasted 00:36:02 (4964 turns).

EvilAliv3 the Charlatan (Deep Elf Artificer)        Turns: 4964, Time: 00:36:03

Health: -10/40     AC:  8    Str: 11    XL:     7   Next: 11%
Magic:  12/12      EV: 13    Int: 16    God:    Nemelex Xobeh [**....]
Gold:   272        SH:  5    Dex: 20    Spells: 6/6 levels left

rFire    + . .     SeeInvis .   a - +4 arc blade {discharge, rElec}
rCold    . . .     Gourm    .   x - +0 buckler
rNeg     . . .     Faith    +   p - +3 ring mail {rF+}
rPois    .         Spirit   .   (no helmet)
rElec    +         Reflect  .   (no cloak)
rCorr    +         Harm     .   (no gloves)
MR       .....                  (no boots)
Stlth    ++........             B - amulet of faith
HPRegen  0.13/turn              y - +5 ring of dexterity
MPRegen  0.13/turn              k - ring of resist corrosion

@: no status effects
A: no striking features
a: Renounce Religion


You were on level 6 of the Dungeon.
You worshipped Nemelex Xobeh.
Nemelex Xobeh was pleased with you.
You were not hungry.

You visited 1 branch of the dungeon, and saw 6 of its levels.

You collected 272 gold pieces.

Inventory:

Hand Weapons
 a - the +4 arc blade (weapon) {discharge, rElec}
   (You found it on level 6 of the Dungeon)

   It insulates you from electricity.
 m - a +1 dagger of draining
Missiles
 r - 13 tomahawks (quivered)
 D - a throwing net
Armour
 p - a +3 ring mail of fire resistance (worn)
 x - a +0 buckler (worn)
Jewellery
 e - an uncursed amulet of the acrobat {unknown}
 g - an uncursed ring of fire
 k - a ring of resist corrosion (right hand)
 y - a +5 ring of dexterity (left hand)
 B - an amulet of faith (around neck)
Wands
 c - a wand of flame (3)
 d - a wand of enslavement (12)
 A - a wand of random effects (18)
Scrolls
 b - a scroll of enchant armour
 t - 6 scrolls of remove curse
Potions
 i - 7 potions of curing
 j - a potion of might
 n - a potion of flight {unknown}
 o - 2 potions of heal wounds
 q - 2 potions of mutation
 v - a potion of ambrosia
 z - 2 potions of magic
Miscellaneous
 h - a plain deck of summoning {drawn: 2}
 s - an ornate deck of destruction
 C - a plain deck of destruction {drawn: 3}
Comestibles
 f - 7 rations
 l - 6 chunks of flesh


   Skills:
 - Level 2.0 Fighting
 + Level 2.6 Short Blades
 + Level 4.8 Dodging
 + Level 3.5 Stealth
 + Level 1.9 Shields
 + Level 2.2 Invocations
 + Level 5.0 Evocations


You had 6 spell levels left.
You didn't know any spells.
Your spell library was empty.

Dungeon Overview and Level Annotations

Branches:
Dungeon (6/15)             Temple (0/1) D:5

Altars:
Dithmenos
Makhleb
Nemelex Xobeh

Annotations:
D:4 3 runed doors, cam's ghost, amateur DEWz


Message History

The ogre misses you.
You closely miss the crimson imp. The crimson imp completely misses you.
The ogre completely misses you.
You closely miss the crimson imp.
The crimson imp blinks!
You hit the crimson imp.
The crimson imp is moderately wounded.
The crimson imp hits you but does no damage.
You block the ogre's attack.
The crimson imp hits you but does no damage.
You hit the crimson imp but do no damage.
The crimson imp is moderately wounded.
The ogre hits you with a giant club!!
* * * LOW HITPOINT WARNING * * *
The crimson imp blinks!
The crimson imp spits at you.
The crimson imp blinks!
There is a stone staircase leading up here.
The ogre hits you with a giant club!!
You die...
Your body disappears without a glow.

#.#..# #.##.########.##### #
#.#..# #.#..# #.# #.#.#..#
#.#.## #.#
.####.#.#..####.#.#########.#
....)....(........n.rn..5...#
####.#.##.####.#.###########
#..#.#.####.#r#
#.###.......#O##############
###.#.#......@..............##
#.......#######.###########...
## #.#####.# #.# #### .###.#
#.# #.# .....# #.# ##.# .###.#
#.######..# ##
#.#####........## #
#.......#####..# # #########
#..#


You could see an ogre, a necrophage and a quokka.

Vanquished Creatures
  A sky beast (D:5)
  A centaur zombie (D:5)
  A hound (D:6)
  An orc wizard (D:6)
  3 worker ants
  6 gnolls
  4 adders
  3 shadow imps
  2 oozes
  A worm (D:1)
  2 dart slugs
  2 leopard geckos
  7 orcs
  4 giant cockroaches
  4 hobgoblins
  10 jackals
  4 kobolds
  4 quokkas
  A ball python (D:3)
  A bat (D:1)
  7 frilled lizards
  A goblin (D:3)
  A leopard gecko skeleton (D:6)
  A quokka skeleton (D:2)
  6 rats
78 creatures vanquished.

Vanquished Creatures (collateral kills)
  A sky beast (D:5)
  A howler monkey (D:5)
  A hound (D:5)
  A hound skeleton (D:4)
  3 gnolls (D:5)
7 creatures vanquished.

Vanquished Creatures (others)
  A gnoll (D:4)
1 creature vanquished.

Grand Total: 86 creatures vanquished

Notes
Turn   | Place    | Note
-------+----------+-------------------------------------------
     0 | D:1      | EvilAliv3 the Deep Elf Artificer began the quest for the
                  | Orb.
     0 | D:1      | Reached XP level 1. HP: 11/11 MP: 5/5
   421 | D:1      | Reached skill level 1 in Fighting
   421 | D:1      | Reached XP level 2. HP: 8/16 MP: 6/6
  1058 | D:2      | Reached skill level 4 in Evocations
  1058 | D:2      | Reached XP level 3. HP: 19/21 MP: 6/8
  1767 | D:3      | HP: 1/21 [orc/mace (6)]
  1793 | D:3      | HP: 1/21 [orc/mace (1)]
  2012 | D:3      | Reached XP level 4. HP: 17/26 MP: 9/9
  2826 | D:4      | Found a sparkling altar of Nemelex Xobeh.
  2832 | D:4      | Found a burning altar of Makhleb.
  2836 | D:4      | Became a worshipper of Nemelex Xobeh the Trickster
  2838 | D:4      | Found a shadowy altar of Dithmenos.
  2865 | D:4      | Received a gift from Nemelex Xobeh
  3076 | D:4      | Noticed an ogre
  3120 | D:4      | Reached XP level 5. HP: 30/30 MP: 10/10
  3167 | D:4      | Found a runed gate.
  3167 | D:4      | Found a runed gate.
  3167 | D:4      | Found a runed gate.
  3167 | D:4      | Noticed cam's ghost (amateur DEWz)
  3232 | D:4      | Reached skill level 1 in Shields
  3238 | D:4      | Noticed a phantom
  3557 | D:4      | Received a gift from Nemelex Xobeh
  3597 | D:5      | Entered Level 5 of the Dungeon
  3597 | D:5      | Reached * piety under Nemelex Xobeh
  3737 | D:5      | Received a gift from Nemelex Xobeh
  3826 | D:5      | Noticed a sky beast
  3841 | D:5      | Killed a sky beast
  3841 | D:5      | Reached skill level 1 in Invocations
  3893 | D:5      | Reached ** piety under Nemelex Xobeh
  3929 | D:5      | Reached XP level 6. HP: 21/35 MP: 11/11
  4126 | D:5      | Found a staircase to the Ecumenical Temple.
  4271 | D:5      | Noticed a sky beast
  4295 | D:5      | Killed a sky beast
  4600 | D:6      | Noticed an ice beast
  4712 | D:6      | Reached XP level 7. HP: 39/40 MP: 12/12
  4715 | D:6      | Found the +4 arc blade {discharge, rElec}
  4729 | D:6      | Reached skill level 5 in Evocations
  4964 | D:6      | Mangled by an ogre

Vault maps used:
D:1:      evilmike_arrival_run_for_it
D:4:      overflow_temple_1_default, grunt_temple_overflow_open,
          gammafunk_ghost_necromancy, kennysheep_opposing_triangles
D:5:      minmay_temple_entry_trees, first_ration
D:6:      dancing_weapons_uskayaw, roderic_serpentine_path

Skill      XL: |  1  2  3  4  5  6  7 |
---------------+----------------------+-----
Fighting       | 1 2 |  2.0
Dodging        | 3 4 |  4.8
Evocations     | 4 5 |  5.0
Stealth        | 2 3 |  3.5
Shields        | 1 |  1.9
Invocations    | 1 2 |  2.2
Short Blades   | 2 |  2.6

Action                   |  1- 3 |  4- 6 |  7- 9 || total
-------------------------+-------+-------+-------++-------
Melee: Short sword       |    13 |       |       ||    13
       Dagger            |    86 |   208 |     8 ||   302
       Rapier            |       |       |    15 ||    15
Throw: Tomahawk          |     1 |     4 |       ||     5
Evoke: Wand              |    15 |    18 |     1 ||    34
       Deck              |       |     2 |     3 ||     5
  Use: Potion            |     2 |       |       ||     2
       Scroll            |     4 |    12 |       ||    16
 Stab: Confused          |     1 |       |       ||     1
       Paralysed         |     3 |       |       ||     3
       Sleeping          |     4 |     1 |       ||     5
  Eat: Chunk             |     3 |     9 |     1 ||    13
Armor: Leather armour    |    11 |       |       ||    11
       Ring mail         |     7 |    47 |     6 ||    60
Dodge: Dodged            |    43 |   107 |    14 ||   164
Block: Buckler           |     3 |    31 |     4 ||    38

Table legend:
 A = Non-vault XP
 B = Vault XP
 C = Vault XP percentage of total XP
 D = Non-vault monster count
 E = Vault monster count
 F = Vault count percentage of total count
                 A         B        C        D         E       F
            +---------+---------+-------+---------+---------+-------
      Total |     794 |      19 |   2.3 |      82 |       3 |   3.5
            +---------+---------+-------+---------+---------+-------
        D:1 |      16 |       5 |  23.8 |       8 |       1 |  11.1
        D:2 |      62 |       0 |   0.0 |      13 |       0 |   0.0
        D:3 |      45 |       0 |   0.0 |      17 |       0 |   0.0
        D:4 |      97 |      14 |  12.6 |      14 |       2 |  12.5
        D:5 |     376 |       0 |   0.0 |      13 |       0 |   0.0
        D:6 |     198 |       0 |   0.0 |      17 |       0 |   0.0
            +---------+---------+-------+---------+---------+-------
